 Dungeon Crawl Stone Soup version 0.31.0 (webtiles) character file.

Game seed: 16944214789961475125

10276 qw the Skirmisher (level 11, -12/71 HPs)
             Began as a Gargoyle Hunter on Jan 19, 2024.
             Was a Priest of Okawaru.
             Hit by a silver javelin thrown by a minotaur (23 damage)
             ... in a Gauntlet.
             The game lasted 00:01:15 (9253 turns).

qw the Skirmisher (Gargoyle Hunter)                 Turns: 9253, Time: 00:01:16

Health: -12/71     AC: 17    Str: 16    XL:     11   Next: 59%
Magic:  10/17      EV: 25    Int:  9    God:    Okawaru [***...]
Gold:   132        SH:  0    Dex: 23    Spells: 10/10 levels left

rFire   + . .        a - +2 shortbow
rCold   . . .        (shield currently unavailable)
rNeg    + + +        k - +3 robe of the Planets {rF+ rN++ Str+2 Stlth+}
rPois   inf          (no helmet)
rElec   +            j - +0 cloak
rCorr   .            m - +2 pair of gloves
SInv    .            (no boots)
Will    .....        o - amulet of the acrobat
Stlth   +++          b - +6 ring of dexterity
HPRegen 0.31/turn    q - ring of the Hare {EV+10}
MPRegen 0.15/turn

%: no teleportation, acrobat, clarity
@: finesse-ful
A: sickness immunity, AC +8, negative energy resistance 1, electricity
resistance, torment resistance 1, petrification resistance, clarity, dopey 1
a: Renounce Religion, Heroism


You were in a Gauntlet.
You worshipped Okawaru.
Okawaru was most pleased with you.
You visited 3 branches of the dungeon, and saw 12 of its levels.
You also visited: Gauntlet.

You collected 681 gold pieces.
You spent 549 gold pieces at shops.


Innate Abilities, Weirdness & Mutations

You are immune to sickness and miasma.
Your stone body is resilient. (AC +8)
You are immune to poison.
You resist negative energy. (rN+)
You are resistant to electric shocks. (rElec)
You are resistant to unholy torment.
You are immune to petrification.
You possess an exceptional clarity of mind.
You are dopey. (Int -2)


   Skills:
 - Level 9.2 Fighting
 + Level 13.0 Ranged Weapons
 - Level 2.1 Armour
 - Level 5.0 Dodging
 - Level 1.1 Stealth
 - Level 8.8 Invocations


You had 10 spell levels left.
You didn't know any spells.
Your spell library was empty.

Inventory:

Hand Weapons
 a - a +2 shortbow (weapon)
Armour
 d - a +2 robe of cold resistance
 j - a +0 cloak (worn)
 k - the +3 robe of the Planets (worn) {rF+ rN++ Str+2 Stlth+}
   (You found it on level 3 of the Dungeon)

   Str+2:     It affects your strength (+2).
   rF+:       It protects you from fire.
   rN++:      It greatly protects you from negative energy.
   Stlth+:    It makes you more stealthy.
 m - a +2 pair of gloves (worn)
Jewellery
 b - a +6 ring of dexterity (left hand)
 o - an amulet of the acrobat (around neck)
 q - the ring of the Hare (right hand) {EV+10}
   (You acquired it on level 8 of the Dungeon)

   [ring of evasion]

   EV+10:     It affects your evasion (+10).
Wands
 g - a wand of roots (15)
Scrolls
 p - 3 scrolls of teleportation
Potions
 e - 2 potions of mutation
 h - 7 potions of curing
 i - 4 potions of enlightenment
 l - 2 potions of resistance
 n - 4 potions of might
 s - a potion of haste

Dungeon Overview and Level Annotations

Branches:
Dungeon (10/15)            Temple (1/1) D:5            Lair (1/5) D:9
Gauntlet (1/1)
    Orc: D:9-12

Altars:
Ashenzari
Cheibriados
Dithmenos
Elyvilon
Fedhas
Gozag
Kikubaaqudgha
Makhleb
Nemelex Xobeh
Okawaru
Qazlal
Ru
Sif Muna
Trog
Uskayaw
Vehumet
Wu Jian
Xom
Zin
The Shining One

Shops:
D:1 *((!   D:7 =   D:9 ?

Portals:
Abyss: D:4

Annotations:
D:3 2 runed translucent doors, qw's ghost, amateur GrHu
D:4 2 transporters, qw's ghost, amateur GrHu
D:5 3 runed translucent doors, qw's ghost, novice GrHu
D:7 3 runed translucent doors, qw's ghost, novice GrHu Gauntlet 9 transporters


Message History

The minotaur is severely wounded.
You shoot an arrow. The arrow hits the minotaur!
The minotaur is almost dead.
You shoot an arrow.
The arrow hits the minotaur but does no damage.
The minotaur is almost dead.
The minotaur closely misses you.
You shoot an arrow. The arrow barely misses the minotaur.
You shoot an arrow.
The arrow hits the minotaur but does no damage.
The minotaur is almost dead.
The minotaur throws a silver javelin.
The silver javelin completely misses you.
You shoot an arrow.
The arrow hits the minotaur but does no damage.
The minotaur is almost dead.
You shoot an arrow. The arrow closely misses the minotaur.
You shoot an arrow.
The arrow hits the minotaur but does no damage.
The minotaur is almost dead.
The minotaur hits you from afar with a +0 glaive!!
9249 ||| DRINKING potion of heal wounds.
You feel much better.
Your hands slow down.
The minotaur throws a silver javelin.
The silver javelin pierces through you!!
The silver sears you!
9250 ||| INVOKING Finesse.
You can now deal lightning-fast blows.
You can no longer speed up your combat.
The minotaur hits you from afar with a +0 glaive!
You shoot an arrow. The arrow hits the minotaur.
The minotaur is almost dead.
You shoot an arrow. The arrow hits the minotaur.
The minotaur is almost dead.
You shoot an arrow. The arrow hits the minotaur.
The minotaur is almost dead.
The minotaur throws a silver javelin.
The silver javelin pierces through you!!
You die...

#..8.#...^#.8.#...#
~....#^..8#.}.#.8.##.
~.#########.8.#.^....
#
~.#.#y^=..#...#.8.##.
.# #.#.#.$##.#...#.^.#
..
~.#..##..##.8.#.8.##.#
~.##..^..##.\.#.^.H..
~.##..##..#.8.#.8.##.
#.#.##y.#.#...#.@.#
~.#...yy#.#...#.8.##.
~.#########.8.#.^....
~....#^..8#.}.#.8.##.#
#..8.#...^#.8.#...# ..
~....#^..8#...#...# ##
~.#########...#~~~#
~.#..#^#..#..###~##
#.#.#.#.#.#.## ##


You could see a minotaur.

Vanquished Creatures
  A two-headed ogre (D:9)
  A death scarab (Gauntlet)
  A fire crab (Gauntlet)
  Pikel (D:9)
  A minotaur zombie (Gauntlet)
  A polar bear (Lair:1)
  2 hornets
  A vampire (D:8)
  A shadow (D:10)
  Sigmund (D:3)
  2 wraiths
  13 yaks
  2 fire bats (Gauntlet)
  3 wyverns
  A spectral komodo dragon (Gauntlet)
  4 water moccasins
  Duvessa (D:6)
  An orc warrior (D:6)
  3 black bears
  10 wolves
  2 ogres
  2 lemures (D:9)
  A centaur (D:8)
  2 kobold brigands
  2 phantoms (D:6)
  Blork the orc (D:6)
  5 bullfrogs
  A gnoll sergeant (D:6)
  2 scorpions
  2 wights
  Dowan (D:6)
  A howler monkey (D:9)
  2 bombardier beetles
  2 orc priests
  2 gnoll boudas
  5 hounds
  A jelly (D:7)
  2 iguanas
  4 orc wizards
  24 gnolls
  3 adders
  A white imp (D:7)
  2 ufetubi
  A ribbon worm (D:2)
  19 orcs
  4 endoplasms
  5 giant cockroaches
  9 goblins
  5 hobgoblins
  5 jackals
  10 kobolds
  2 quokkas
  6 ball pythons
  5 bats
  4 frilled lizards
  9 rats
205 creatures vanquished.

Notes
Turn   | Place    | Note
-------+----------+-------------------------------------------
     0 | D:1      | qw the Gargoyle Hunter began the quest for the Orb.
     0 | D:1      | Reached XP level 1. HP: 12/12 MP: 1/1
     0 | D:1      | 0 ||| qw: Version: 0.3-a-132-g3d54051
     0 | D:1      | 0 ||| qw: Game counter: 74
     0 | D:1      | 0 ||| qw: Melee chars always use a shield: true
     0 | D:1      | 0 ||| qw: God list: Okawaru
     0 | D:1      | 0 ||| qw: Allow faded altars: false
     0 | D:1      | 0 ||| qw: Do Orc after clearing Dungeon:15 true
     0 | D:1      | 0 ||| qw: Do second Lair branch before Depths: true
     0 | D:1      | 0 ||| qw: Lair rune preference: random
     0 | D:1      | 0 ||| qw: Goals: Normal
     0 | D:1      | 0 ||| PLANNING D:1-11
    76 | D:1      | Reached XP level 2. HP: 11/17 MP: 2/2
   282 | D:1      | Found Paxaa's Distillery.
   285 | D:1      | 285 ||| SHOPLISTING 2 potions of haste (220 gold, have 54).
   285 | D:1      | 285 ||| SHOPLISTING potion of cancellation (88 gold, have
                  | 54).
   285 | D:1      | 285 ||| BUYING potion of curing (33 gold).
   285 | D:1      | Bought a potion of curing for 33 gold pieces
   285 | D:1      | 285 ||| SHOPLISTING potion of curing (33 gold, have 21).
   285 | D:1      | 285 ||| SHOPLISTING potion of haste (110 gold, have 21).
   285 | D:1      | 285 ||| SHOPLISTING potion of heal wounds (55 gold, have
                  | 21).
   285 | D:1      | 285 ||| SHOPLISTING potion of mutation (88 gold, have 21).
   298 | D:1      | Reached XP level 3. HP: 21/21 MP: 3/3
   309 | D:1      | Found Nateet's Antique Weapon Boutique.
   324 | D:1      | 324 ||| SHOPLISTING arbalest (117 gold, have 21).
   379 | D:1      | Reached skill level 5 in Ranged Weapons
   400 | D:1      | Found Pocon's Weapon Boutique.
   585 | D:1      | Found a faded altar of an unknown god.
   621 | D:1      | Found Giuqew's General Store.
   625 | D:1      | 625 ||| SHOPLISTING scroll of enchant armour (82 gold, have
                  | 23).
   625 | D:1      | 625 ||| BUYING scroll of identify (22 gold).
   625 | D:1      | Bought a scroll of identify for 22 gold pieces
   964 | D:1      | 964 ||| UPGRADING to +2 robe of cold resistance.
   974 | D:1      | 974 ||| DROPPING +0 leather armour.
   975 | D:1      | 975 ||| DROPPING +1 robe of cold resistance.
   976 | D:1      | 976 ||| READING 2 scrolls of identify.
   976 | D:1      | 976 ||| IDENTIFYING viscous dark potion
   977 | D:1      | 977 ||| READING scroll of identify.
   977 | D:1      | 977 ||| IDENTIFYING grey potion
   978 | D:1      | 978 ||| READING scroll labelled TEFABL PAGG.
   979 | D:1      | 979 ||| DROPPING scroll of butterflies.
  1067 | D:2      | Reached skill level 3 in Fighting
  1680 | D:2      | 1680 ||| UPGRADING to +0 cloak.
  1685 | D:2      | 1685 ||| UPGRADING to amulet of guardian spirit.
  1690 | D:2      | 1690 ||| READING scroll of identify.
  1690 | D:2      | 1690 ||| IDENTIFYING fizzy brown potion
  1691 | D:2      | 1691 ||| READING scroll labelled LIQUNAZONG.
  1691 | D:2      | 1691 ||| ENCHANTING +0 shortbow.
  1692 | D:2      | 1692 ||| DROPPING potion of degeneration.
  1702 | D:3      | Reached XP level 4. HP: 28/28 MP: 4/4
  1782 | D:3      | Found a large runed translucent door.
  1783 | D:3      | Found a large runed translucent door.
  1785 | D:3      | Noticed qw's ghost (amateur GrHu)
  1909 | D:3      | Identified the +3 robe of the Planets {rF+ rN++ Str+2
                  | Stlth+}
  2294 | D:3      | Noticed Sigmund
  2296 | D:3      | 2296 ||| DRINKING 2 potions of curing.
  2296 | D:3      | 2296 ||| (to cure confusion)
  2301 | D:3      | Killed Sigmund
  2302 | D:3      | Reached skill level 7 in Ranged Weapons
  2302 | D:3      | Reached XP level 5. HP: 32/32 MP: 5/5
  2302 | D:3      | Reached XP level 6. HP: 37/37 MP: 6/6
  2492 | D:3      | Found a broken altar of Ashenzari.
  2541 | D:3      | 2541 ||| UPGRADING to +3 robe of the Planets {rF+ rN++
                  | Str+2 Stlth+}.
  2551 | D:3      | 2551 ||| UPGRADING to +0 pair of gloves.
  2556 | D:3      | 2556 ||| READING scroll labelled FATZIUMUTT.
  2775 | D:4      | Found a one-way gate to the infinite horrors of the Abyss.
  2775 | D:4      | Noticed qw's ghost (amateur GrHu)
  2791 | D:4      | Noticed a small abomination
  2792 | D:4      | Found a transporter.
  2798 | D:4      | Found a transporter.
  2839 | D:4      | You fall into a shaft and drop 1 floor!
  2839 | D:5      | Entered Level 5 of the Dungeon
  2846 | D:5      | Found a runed translucent gate.
  2846 | D:5      | Found a runed translucent gate.
  2846 | D:5      | Found a runed translucent gate.
  2850 | D:5      | Noticed qw's ghost (novice GrHu)
  2905 | D:5      | Found a staircase to the Ecumenical Temple.
  2906 | D:5      | 2906 ||| PLANNING TEMPLE
  2906 | D:5      | 2906 ||| READING 4 scrolls of identify.
  2906 | D:5      | 2906 ||| IDENTIFYING fizzy red potion
  2907 | D:5      | 2907 ||| READING 3 scrolls of identify.
  2907 | D:5      | 2907 ||| IDENTIFYING blue potion
  2908 | D:5      | 2908 ||| READING 2 scrolls of identify.
  2908 | D:5      | 2908 ||| IDENTIFYING purple potion
  2909 | D:5      | 2909 ||| READING scroll of identify.
  2909 | D:5      | 2909 ||| IDENTIFYING scroll labelled QUITIO KUATOYM
  2910 | D:5      | 2910 ||| READING scroll labelled HIODUENUISTOY.
  2911 | D:5      | 2911 ||| DROPPING potion of brilliance.
  2912 | D:5      | 2912 ||| DROPPING scroll of blinking.
  2925 | D:5      | Reached skill level 1 in Armour
  2972 | Temple   | Entered the Ecumenical Temple
  2973 | Temple   | 2973 ||| PLANNING OKAWARU WORSHIP
  2982 | Temple   | Became a worshipper of Warmaster Okawaru
  2983 | Temple   | 2983 ||| PLANNING D:1-11
  2983 | Temple   | 2983 ||| REMOVING amulet of guardian spirit.
  2988 | Temple   | 2988 ||| DROPPING amulet of guardian spirit.
  3043 | D:5      | 3043 ||| FLEEEEING.
  3050 | D:5      | 3050 ||| STAIRDANCE
  3134 | D:4      | Reached XP level 7. HP: 43/43 MP: 7/7
  3143 | D:4      | Noticed a toenail golem
  3314 | D:4      | Found a blossoming altar of Fedhas.
  3483 | D:4      | 3483 ||| READING scroll labelled BETHOM PILUGECOI.
  3483 | D:4      | 3483 ||| ENCHANTING +0 pair of gloves.
  3700 | D:5      | Found a sacrificial altar of Ru.
  3882 | D:5      | Reached skill level 8 in Ranged Weapons
  3889 | D:5      | 3889 ||| FLEEEEING.
  4169 | D:5      | Reached * piety under Okawaru
  4224 | D:5      | 4224 ||| READING scroll labelled LAUHANL HEF AWA.
  4341 | D:6      | Noticed Duvessa
  4341 | D:6      | Noticed Dowan
  4342 | D:6      | 4342 ||| RETREEEEATING.
  4353 | D:6      | Reached skill level 1 in Invocations
  4366 | D:6      | Killed Dowan
  4367 | D:6      | Reached XP level 8. HP: 18/48 MP: 7/9
  4367 | D:6      | 4367 ||| INVOKING Heroism.
  4367 | D:6      | HP: 12/48 [Duvessa/+0 short sword (6)]
  4368 | D:6      | 4368 ||| READING 2 scrolls of teleportation.
  4369 | D:6      | HP: 5/48 [Duvessa/+0 short sword (8)]
  4370 | D:6      | 4370 ||| DRINKING 4 potions of heal wounds.
  4515 | D:6      | Found a burning altar of Makhleb.
  4515 | D:6      | Noticed a balrug
  4518 | D:6      | Noticed a ynoxinul
  4518 | D:6      | Noticed a ynoxinul
  4539 | D:6      | 4539 ||| FLEEEEING.
  4546 | D:6      | 4546 ||| INVOKING Heroism.
  4564 | D:6      | Killed Duvessa
  4565 | D:6      | Reached skill level 3 in Invocations
  4651 | D:6      | 4651 ||| FLEEEEING.
  4790 | D:6      | Noticed Blork the orc
  4802 | D:6      | Killed Blork the orc
  4803 | D:6      | 4803 ||| FLEEEEING.
  4874 | D:6      | 4874 ||| READING scroll of enchant weapon.
  4874 | D:6      | 4874 ||| ENCHANTING +1 shortbow.
  5179 | D:6      | 5179 ||| FLEEEEING.
  5261 | D:6      | 5261 ||| FLEEEEING.
  5262 | D:6      | 5262 ||| FLEEEEING.
  5263 | D:6      | 5263 ||| FLEEEEING.
  5264 | D:6      | 5264 ||| FLEEEEING.
  5265 | D:6      | 5265 ||| FLEEEEING.
  5275 | D:6      | Reached skill level 9 in Ranged Weapons
  5537 | D:7      | 5537 ||| STAIRDANCE
  5543 | D:6      | 5543 ||| FLEEEEING.
  5597 | D:7      | 5597 ||| READING scroll of enchant armour.
  5597 | D:7      | 5597 ||| ENCHANTING +1 pair of gloves.
  5622 | D:7      | Reached skill level 6 in Fighting
  5641 | D:7      | Reached ** piety under Okawaru
  5642 | D:7      | Reached XP level 9. HP: 50/55 MP: 12/12
  5711 | D:7      | Found a runed translucent gate.
  5712 | D:7      | Found a runed translucent gate.
  5713 | D:7      | Found a runed translucent gate.
  5726 | D:7      | Found an opulent altar of Gozag.
  5757 | D:7      | Noticed qw's ghost (novice GrHu)
  5811 | D:7      | 5811 ||| FLEEEEING.
  5821 | D:7      | Reached skill level 10 in Ranged Weapons
  5859 | D:7      | 5859 ||| RETREEEEATING.
  5860 | D:7      | 5860 ||| RETREEEEATING.
  5861 | D:7      | 5861 ||| RETREEEEATING.
  5862 | D:7      | 5862 ||| RETREEEEATING.
  5863 | D:7      | 5863 ||| RETREEEEATING.
  5864 | D:7      | 5864 ||| RETREEEEATING.
  5865 | D:7      | 5865 ||| RETREEEEATING.
  5866 | D:7      | 5866 ||| RETREEEEATING.
  5867 | D:7      | 5867 ||| RETREEEEATING.
  5868 | D:7      | 5868 ||| STAIRDANCE
  5876 | D:6      | 5876 ||| FLEEEEING.
  5961 | D:7      | 5961 ||| STAIRDANCE
  5964 | D:6      | 5964 ||| INVOKING Heroism.
  5976 | D:6      | Reached skill level 3 in Dodging
  6100 | D:7      | Found a stormy altar of Qazlal.
  6128 | D:7      | Found Tomaj's Jewellery Emporium.
  6134 | D:7      | 6134 ||| SHOPLISTING +6 ring of strength (468 gold, have
                  | 403).
  6134 | D:7      | 6134 ||| BUYING amulet of the acrobat (390 gold).
  6134 | D:7      | Bought an amulet of the acrobat for 390 gold pieces
  6134 | D:7      | 6134 ||| SHOPLISTING ring of fire (325 gold, have 13).
  6134 | D:7      | 6134 ||| SHOPLISTING ring of ice (325 gold, have 13).
  6134 | D:7      | 6134 ||| SHOPLISTING ring of positive energy (260 gold,
                  | have 13).
  6134 | D:7      | 6134 ||| SHOPLISTING ring of the Tortoise {AC+8} (1664
                  | gold, have 13).
  6134 | D:7      | 6134 ||| SHOPLISTING ring of willpower (325 gold, have 13).
  6256 | D:7      | 6256 ||| UPGRADING to amulet of the acrobat.
  6261 | D:7      | 6261 ||| READING scroll of identify.
  6261 | D:7      | 6261 ||| IDENTIFYING scroll labelled IRRYAF JORA
  6262 | D:7      | 6262 ||| DROPPING scroll of fog.
  6300 | D:8      | 6300 ||| STAIRDANCE
  6302 | D:7      | 6302 ||| FLEEEEING.
  6307 | D:7      | 6307 ||| STAIRDANCE
  6889 | D:8      | Noticed a hornet
  6890 | D:8      | 6890 ||| INVOKING Heroism.
  6900 | D:8      | Killed a hornet
  6976 | D:8      | 6976 ||| UPGRADING to +6 ring of dexterity.
  6977 | D:8      | 6977 ||| DROPPING +6 ring of intelligence.
  6978 | D:8      | 6978 ||| READING scroll labelled UBRUCH RAXKECA.
  6978 | D:8      | Identified a scroll of acquirement
  6978 | D:8      | 6978 ||| ACQUIRING ring of the Hare {EV+10}
  6978 | D:8      | Acquired the ring of the Hare {EV+10}
  6978 | D:8      | Found the ring of the Hare {EV+10}
  6980 | D:8      | 6980 ||| DROPPING ring of positive energy.
  6981 | D:8      | 6981 ||| UPGRADING to ring of the Hare {EV+10}.
  7001 | D:9      | 7001 ||| STAIRDANCE
  7009 | D:9      | 7009 ||| STAIRDANCE
  7024 | D:8      | Reached skill level 11 in Ranged Weapons
  7044 | D:9      | 7044 ||| STAIRDANCE
  7046 | D:8      | 7046 ||| FLEEEEING.
  7048 | D:8      | HP: 9/57 [something (8)]
  7048 | D:8      | HP: 3/57 [something (6)]
  7050 | D:8      | Reached *** piety under Okawaru
  7051 | D:8      | Reached XP level 10. HP: 4/63 MP: 13/13
  7269 | D:9      | 7269 ||| RETREEEEATING.
  7283 | D:9      | 7283 ||| RETREEEEATING.
  7284 | D:9      | 7284 ||| RETREEEEATING.
  7285 | D:9      | 7285 ||| RETREEEEATING.
  7286 | D:9      | 7286 ||| RETREEEEATING.
  7302 | D:9      | 7302 ||| INVOKING Heroism.
  7350 | D:9      | Found a staircase to the Lair.
  7354 | D:9      | Found Gethriluo's Magic Scroll Boutique.
  7379 | D:9      | 7379 ||| SHOPLISTING scroll of acquirement (676 gold, have
                  | 129).
  7379 | D:9      | 7379 ||| BUYING scroll of identify (26 gold).
  7379 | D:9      | Bought a scroll of identify for 26 gold pieces
  7379 | D:9      | 7379 ||| BUYING scroll of teleportation (39 gold).
  7379 | D:9      | Bought a scroll of teleportation for 39 gold pieces
  7379 | D:9      | 7379 ||| BUYING scroll of teleportation (39 gold).
  7379 | D:9      | Bought a scroll of teleportation for 39 gold pieces
  7395 | D:9      | Noticed a two-headed ogre
  7401 | D:9      | 7401 ||| INVOKING Heroism.
  7413 | D:9      | Killed a two-headed ogre
  7413 | D:9      | Reached **** piety under Okawaru
  7414 | D:9      | Reached skill level 12 in Ranged Weapons
  7446 | D:9      | 7446 ||| RETREEEEATING.
  7450 | D:9      | 7450 ||| RETREEEEATING.
  7462 | D:9      | Noticed Pikel
  7464 | D:9      | 7464 ||| RETREEEEATING.
  7465 | D:9      | 7465 ||| RETREEEEATING.
  7466 | D:9      | 7466 ||| RETREEEEATING.
  7467 | D:9      | 7467 ||| RETREEEEATING.
  7468 | D:9      | 7468 ||| RETREEEEATING.
  7469 | D:9      | 7469 ||| RETREEEEATING.
  7470 | D:9      | 7470 ||| RETREEEEATING.
  7471 | D:9      | 7471 ||| RETREEEEATING.
  7472 | D:9      | 7472 ||| RETREEEEATING.
  7473 | D:9      | 7473 ||| RETREEEEATING.
  7474 | D:9      | 7474 ||| RETREEEEATING.
  7475 | D:9      | 7475 ||| RETREEEEATING.
  7480 | D:9      | 7480 ||| RETREEEEATING.
  7481 | D:9      | 7481 ||| INVOKING Finesse.
  7492 | D:9      | Killed Pikel
  7537 | D:9      | Reached skill level 6 in Invocations
  7604 | D:9      | Found an ornate altar of the Wu Jian Council.
  7610 | D:9      | Found a snail-covered altar of Cheibriados.
  7654 | D:9      | Reached XP level 11. HP: 68/68 MP: 15/15
  8010 | D:9      | 8010 ||| READING scroll of identify.
  8010 | D:9      | 8010 ||| IDENTIFYING orange potion
  8011 | D:9      | 8011 ||| READING 2 scrolls labelled SABAM UNAC.
  8012 | D:9      | 8012 ||| FLEEEEING.
  8021 | D:9      | 8021 ||| STAIRDANCE
  8046 | D:8      | 8046 ||| DRINKING 2 fizzy orange potions.
  8046 | D:8      | Gained mutation: You have sharp fingernails. [potion of
                  | mutation]
  8046 | D:8      | Lost mutation: You have sharp fingernails. [potion of
                  | mutation]
  8046 | D:8      | Gained mutation: You are dopey. (Int -2) [potion of
                  | mutation]
  8046 | D:8      | Gained mutation: You possess an exceptional clarity of
                  | mind. [potion of mutation]
  8047 | D:8      | 8047 ||| DROPPING scroll of torment.
  8068 | D:10     | Entered Level 10 of the Dungeon
  8088 | D:10     | 8088 ||| RETREEEEATING.
  8096 | D:10     | 8096 ||| RETREEEEATING.
  8098 | D:10     | 8098 ||| FLEEEEING.
  8099 | D:10     | 8099 ||| FLEEEEING.
  8102 | D:10     | 8102 ||| FLEEEEING.
  8103 | D:10     | 8103 ||| FLEEEEING.
  8104 | D:10     | 8104 ||| FLEEEEING.
  8105 | D:10     | 8105 ||| RETREEEEATING.
  8238 | D:9      | 8238 ||| PLANNING LAIR
  8300 | Lair:1   | Entered Level 1 of the Lair of Beasts
  8301 | Lair:1   | 8301 ||| PLANNING GAUNTLET
  8303 | Lair:1   | 8303 ||| STAIRDANCE
  8315 | D:9      | Reached ***** piety under Okawaru
  8316 | D:9      | Reached skill level 13 in Ranged Weapons
  8328 | Lair:1   | 8328 ||| STAIRDANCE
  8381 | Lair:1   | 8381 ||| STAIRDANCE
  8393 | D:9      | 8393 ||| FLEEEEING.
  8461 | Lair:1   | 8461 ||| INVOKING Finesse.
  8462 | Lair:1   | 8462 ||| INVOKING Heroism.
  8499 | Lair:1   | 8499 ||| STAIRDANCE
  8501 | D:9      | 8501 ||| FLEEEEING.
  8650 | Lair:1   | 8650 ||| RETREEEEATING.
  8652 | Lair:1   | 8652 ||| RETREEEEATING.
  8653 | Lair:1   | 8653 ||| RETREEEEATING.
  8654 | Lair:1   | 8654 ||| RETREEEEATING.
  8655 | Lair:1   | 8655 ||| RETREEEEATING.
  8656 | Lair:1   | 8656 ||| RETREEEEATING.
  8657 | Lair:1   | 8657 ||| RETREEEEATING.
  8658 | Lair:1   | 8658 ||| RETREEEEATING.
  8659 | Lair:1   | 8659 ||| RETREEEEATING.
  8660 | Lair:1   | 8660 ||| RETREEEEATING.
  8661 | Lair:1   | 8661 ||| RETREEEEATING.
  8662 | Lair:1   | 8662 ||| RETREEEEATING.
  8663 | Lair:1   | 8663 ||| RETREEEEATING.
  8664 | Lair:1   | 8664 ||| RETREEEEATING.
  8665 | Lair:1   | 8665 ||| INVOKING Finesse.
  8738 | Lair:1   | Found a gate leading to a gauntlet.
  8739 | Lair:1   | 8739 ||| READING scroll of identify.
  8739 | Lair:1   | 8739 ||| IDENTIFYING scroll labelled QENIPS OJYGH
  8740 | Lair:1   | 8740 ||| DROPPING scroll of revelation.
  8749 | Gauntlet | Entered a Gauntlet
  8749 | Gauntlet | Found a transporter.
  8758 | Gauntlet | Found a transporter.
  8758 | Gauntlet | Noticed a fire crab
  8761 | Gauntlet | Found a transporter.
  8762 | Gauntlet | Found a transporter.
  8767 | Gauntlet | Noticed a death scarab
  8770 | Gauntlet | Found a transporter.
  8773 | Gauntlet | Found a transporter.
  8774 | Gauntlet | Found a transporter.
  8786 | Gauntlet | Found a transporter.
  8787 | Gauntlet | Found a transporter.
  8787 | Gauntlet | Found a transporter.
  8792 | Gauntlet | Noticed a balrug
  8795 | Gauntlet | Found a transporter.
  8799 | Gauntlet | Found a transporter.
  8800 | Gauntlet | Found a transporter.
  8802 | Gauntlet | Noticed a large abomination
  8807 | Gauntlet | Noticed a large abomination
  8808 | Gauntlet | Found a transporter.
  8889 | Gauntlet | 8889 ||| INVOKING Finesse.
  8905 | Gauntlet | Killed a fire crab
  8909 | Gauntlet | HP: 16/69 [something (2)]
  8910 | Gauntlet | 8910 ||| DRINKING 3 potions of heal wounds.
  9038 | Gauntlet | 9038 ||| INVOKING Finesse.
  9054 | Gauntlet | HP: 16/69 [death scarab (8)]
  9055 | Gauntlet | 9055 ||| DRINKING 2 potions of heal wounds.
  9058 | Gauntlet | Killed a death scarab
  9059 | Gauntlet | Reached skill level 9 in Fighting
  9206 | Gauntlet | Noticed a minotaur
  9207 | Gauntlet | 9207 ||| INVOKING Finesse.
  9236 | Gauntlet | HP: 8/71 [minotaur/silver javelin (20)]
  9237 | Gauntlet | 9237 ||| DRINKING 2 potions of heal wounds.
  9248 | Gauntlet | HP: 15/71 [minotaur/+0 glaive (22)]
  9249 | Gauntlet | 9249 ||| DRINKING potion of heal wounds.
  9250 | Gauntlet | 9250 ||| INVOKING Finesse.
  9253 | Gauntlet | Hit by a silver javelin thrown by a minotaur

Levels and vault maps discovered:
D:1:      onia_arrival_mini_maze, layout_basic,
          shapermc_ecumenical_altar_mp_vishouse, serial_shops, shop, shop,
          nicolae_shop_pleasant_corner_grove, nicolae_shop_tiny_real_fake_doors,
          minmay_pentomino_o4
D:2:      layout_loops_ring, serial_bayou_ford_a
D:3:      layout_loops_corners, marbit_many_paths, ebering_ghost_disaster_area,
          minmay_misc_feat_pillars, uniq_sigmund
D:4:      layout_gridville, mainiacjoe_overflow_24_doors,
          gammafunk_ghost_abyssal_escape
D:5:      layout_loops_ring, nicolae_ru_path_of_blood,
          minmay_temple_entry_stoned_glass, gammafunk_ghost_split
D:6:      layout_basic, makhleb_altar_promises_db, uniq_duvessa,
          uniq_blork_the_orc
D:7:      kennysheep_six_static_rooms, layout_gridville,
          mainiacjoe_overflow_six_doors_small, nicolae_qazlal_general_emergency,
          biasface_ghost_orc_armoury, serial_shops,
          nicolae_shop_just_a_little_nook
D:8:      layout_loops_ring
D:9:      layout_basic, nicolae_overflow_hidden_temple, lemuel_crystal_altar,
          due_lair_maze_entry_diamond, serial_shops, shop, uniq_pikel
D:10:     layout_loops_ring, kennysheep_little_box,
          nicolae_yredelemnul_ghost_church
Temple:   chequers_temple_sunken
Lair:1:   layout_concentric_octagons, gauntlet_entry_generic
Gauntlet: gammafunk_gauntlet_77_escape_option
          [minmay_gauntlet_arena_77_two_paths, minmay_gauntlet_arena_77_braids,
          minmay_gauntlet_arena_77_squiggly, minmay_gauntlet_arena_77_museum,
          minmay_gauntlet_arena_77_terracotta_army, gauntlet_exit_hidden_loot]

Skill      XL: |  1  2  3  4  5  6  7  8  9 10 11 |
---------------+----------------------------------+-----
Ranged Weapons | 5 7 8 9 11 12 13 | 13.0
Fighting       | 3 4 6 7 8 9 |  9.2
Armour         | 1 2 |  2.1
Dodging        | 2 4 5 |  5.0
Invocations    | 1 4 6 8 |  8.8
Stealth        | |  1.1

Action                     |  1- 3 |  4- 6 |  7- 9 | 10-12 || total
---------------------------+-------+-------+-------+-------++-------
   Fire: Shortbow          |   123 |    75 |   499 |   460 ||  1157
 Invoke: Heroism           |       |       |     4 |     3 ||     7
         Finesse           |       |       |       |     6 ||     6
    Use: Scroll            |     5 |     6 |     7 |     3 ||    21
         Potion            |       |     1 |     1 |     5 ||     7
 Armour: Leather armour    |    19 |       |       |       ||    19
         Robe              |    11 |    15 |   192 |   100 ||   318
  Dodge: Dodged            |    37 |    14 |   190 |   314 ||   555

Table legend:
 A = Non-vault XP
 B = Vault XP
 C = Vault XP percentage of total XP
 D = Non-vault monster count
 E = Vault monster count
 F = Vault count percentage of total count
                 A         B        C        D         E       F
            +---------+---------+-------+---------+---------+-------
      Total |    8757 |    5923 |  40.3 |     167 |      36 |  17.7
            +---------+---------+-------+---------+---------+-------
        D:1 |      42 |      10 |  19.2 |      25 |       7 |  21.9
        D:2 |      29 |       0 |   0.0 |       9 |       0 |   0.0
        D:3 |      72 |     215 |  74.9 |      13 |       2 |  13.3
        D:4 |     177 |       0 |   0.0 |       6 |       0 |   0.0
        D:5 |     498 |       0 |   0.0 |      19 |       0 |   0.0
        D:6 |     946 |     577 |  37.9 |      42 |       5 |  10.6
        D:7 |     432 |     211 |  32.8 |      14 |       4 |  22.2
        D:8 |     798 |     674 |  45.8 |       8 |       4 |  33.3
        D:9 |    3283 |    1751 |  34.8 |      17 |       8 |  32.0
       D:10 |    1474 |       0 |   0.0 |       7 |       0 |   0.0
     Lair:1 |    1006 |       0 |   0.0 |       7 |       0 |   0.0
   Gauntlet |       0 |    2485 | 100.0 |       0 |       6 | 100.0
            +---------+---------+-------+---------+---------+-------
